 Dungeon Crawl Stone Soup version 0.17-a0-1399-gd5b76e1 (webtiles) character file.

266692 patman the Spry (level 19, -4/170 HPs)
             Began as a Green Draconian Conjurer on June 10, 2015.
             Was the Champion of Vehumet.
             Slain by a sphinx (18 damage)
             ... while paralysed by a sphinx
             ... on level 4 of the Vaults on June 18, 2015.
             The game lasted 04:09:40 (53882 turns).

patman the Spry (Green Draconian Conjurer)         Turns: 53882, Time: 04:09:40

Health: -4/170     AC: 20    Str: 10    XL:     19   Next: 71%
Magic:  27/31      EV:  2    Int: 24    God:    Vehumet [******]
Gold:   2013       SH:  0    Dex: 15    Spells: 7 memorised, 2 levels left

rFire  . . .     SeeInvis +     a - +8 lajatang (elec)
rCold  . . .     Clarity  .     (armour unavailable)
rNeg   . . .     SustAt   .     (no shield)
rPois  +         Gourm    .     w - +2 hat {SInv}
rElec  +         Spirit   .     y - +2 cloak
rCorr  .         Warding  .     d - +1 pair of gloves
rMut   .         Stasis   .     l - +0 pair of boots of Courage {Dex+3}
MR     +....                    K - amulet of regeneration
Stlth  ++++......               B - ring of wizardry
                                Q - +2 ring of protection

@: paralysed, marked, somewhat resistant to hostile enchantments, stealthy
A: breathe noxious fumes, unfitting armour, stinger 1, mutation resistance 1,
poison resistance, electricity resistance, cold-blooded, AC +10
a: Breathe Noxious Fumes, Renounce Religion
}: 1/15 runes: gossamer


You were on level 4 of the Vaults.
You worshipped Vehumet.
Vehumet was exalted by your worship.
You were near starving.

You visited 7 branches of the dungeon, and saw 38 of its levels.
You also visited: Ice Cave and Volcano.

You collected 3580 gold pieces.
You spent 1567 gold pieces at shops.

Inventory:

Hand weapons
 a - a +8 lajatang of electrocution (weapon)
Armour
 d - a +1 pair of gloves (worn)
 l - the +0 pair of boots of Courage (worn) {Dex+3}
   (You found it on level 6 of the Lair of Beasts)

   It affects your dexterity (+3).
 w - a +2 hat of see invisible (worn)
 y - a +2 cloak (worn)
 H - a +1 cloak of cold resistance
Magical staves
 T - an uncursed staff of cold
 Y - an uncursed staff of energy
Jewellery
 e - an uncursed ring of positive energy
 m - an uncursed ring of protection from fire
 t - an uncursed amulet of resist mutation
 u - a +5 ring of dexterity {unknown}
 B - a ring of wizardry (right hand)
 E - an uncursed amulet of resist corrosion
 K - an amulet of regeneration (around neck)
 Q - a +2 ring of protection (left hand)
 W - an uncursed ring of ice
Magical devices
 i - a wand of draining (5)
 A - a wand of digging (19)
 N - a wand of disintegration (10)
 P - a wand of teleportation (6)
Scrolls
 f - a scroll of silence
 h - 3 scrolls of amnesia
 n - a scroll of magic mapping
 r - 4 scrolls of teleportation
 s - 3 scrolls of recharging
 v - a scroll of blinking
 x - 6 scrolls of fog
 R - a scroll of identify
 U - 7 scrolls of fear
 V - 2 scrolls of brand weapon
Potions
 b - a potion of invisibility
 g - 2 potions of might
 j - 5 potions of berserk rage
 p - 2 potions of brilliance
 q - 8 potions of curing
 C - 5 potions of agility
 F - 3 potions of heal wounds
 G - 4 potions of haste
 J - 6 potions of flight
 L - 6 potions of cancellation
 O - 4 potions of ambrosia
 S - a potion of magic
Books
 D - a book of Power

   Spells                             Type                      Level
   a - Fulminant Prism                Conjuration/Hexes            4
   b - Iskenderun's Mystic Blast      Conjuration                  4
   c - Venom Bolt                     Conjuration/Poison           5
   d - Bolt of Magma                  Conjuration/Fire/Earth       5
   e - Iron Shot                      Conjuration/Earth            6
   f - Orb of Destruction             Conjuration                  7
   g - Spellforged Servitor           Conjuration/Summoning        7
 X - a book of Dreams

   Spells                             Type                      Level
   a - Ensorcelled Hibernation        Hexes/Ice                    2
   b - Phase Shift                    Translocation                5
   c - Shadow Creatures               Summoning                    5
   d - Silence                        Hexes/Air                    5
   e - Mass Confusion                 Hexes                        6
   f - Darkness                       Hexes                        7
 Z - a Necronomicon {highlevel}

   This book is beyond your current level of understanding.

   Spells                             Type                      Level
   a - Haunt                          Necromancy/Summoning         7
   b - Borgnjor's Revivification      Necromancy                   8
   c - Death's Door                   Charms/Necromancy            8
   d - Necromutation                  Transmutation/Necromancy     8
Miscellaneous
 c - a phial of floods
 o - a lamp of fire
 z - a phial of floods
Comestibles
 k - 2 fruits
 M - 4 bread rations


   Skills:
 - Level 15.0 Fighting
 - Level 12.0 Staves
 - Level 16.1 Dodging
 - Level 9.4 Stealth
 - Level 8.9 Spellcasting
 - Level 15.0 Conjurations
 - Level 7.0 Charms
 - Level 2.1 Necromancy
 * Level 9.2 Translocations
 - Level 4.0 Air Magic
 - Level 11.7 Earth Magic
 - Level 7.0 Poison Magic


You had 2 spell levels left.
You knew the following spells:

 Your Spells              Type           Power        Failure   Level  Hunger
a - Iron Shot             Conj/Erth      ######....   1%          6    ######.
p - Poisonous Cloud       Conj/Pois/Air  ######....   3%          6    ######.
O - Stoneskin             Trmt/Erth      #####...     1%          2    None
P - Phase Shift           Tloc           ######....   1%          5    ####...
Q - Ozocubu's Refrigerat  Ice            ##........   86%         6    ######.
R - Regeneration          Chrm/Necr      ####......   1%          3    None
S - Iskenderun's Battles  Conj/Chrm      ######..     1%          5    ####...


Dungeon Overview and Level Annotations

Branches:
Dungeon (15/15)            Temple (1/1) D:7            Lair (8/8) D:8
 Shoals (2/4) Lair:5       Spider (4/4) Lair:6        Slime (0/6) Lair:7
    Orc (4/4) D:9             Elf (0/3) Orc:4        Vaults (4/5) D:13
  Crypt (0/3) Vaults:2     Depths (0/5) D:15

Altars:
Ashenzari
Cheibriados
Dithmenos
Elyvilon
Fedhas
Gozag
Kikubaaqudgha
Makhleb
Nemelex Xobeh
Okawaru
Qazlal
Ru
Sif Muna
Trog
Vehumet
Xom
Yredelemnul
Zin
The Shining One
Beogh
Jiyva

Shops:
D:6 (   D:9 [(   Orc:4 *(%}   Vaults:2 *

Portals:
Pandemonium: Orc:4
Trove: Vaults:2 (give 2 potions of cure mutation)

Annotations:
D:3 return with digging/disint, asdu's ghost, weakling VSSk
D:15 exclusion: Roxanne, Roxanne
Lair:4 Nergalle; Rupert
Lair:7 1 runed door
Orc:2 exclusion: oklob plant
Vaults:4 Jory


Innate Abilities, Weirdness & Mutations

You can breathe blasts of noxious fumes.
Your lurid green scales are hard (AC +10).
Your body does not fit into most forms of armour.
Your tail ends in a poisonous barb.
Your system is resistant to poisons.
You are cold-blooded and may be slowed by cold attacks.
You are somewhat resistant to further mutation.
You are resistant to electric shocks.


Message History

The orc hits you but does no damage.
The orc warrior hits you with a scimitar!
The sphinx hits you but does no damage. x3
The orc knight hits you with a great mace!!
The orc hits you but does no damage.
The orc warrior hits you but does no damage.
The sphinx casts a spell.
The sphinx is healed somewhat.
The orc knight hits you with a great mace.
The orc hits you but does no damage. The sphinx hits you! The sphinx hits you.
The sphinx hits you but does no damage.
The orc warrior hits you with a scimitar.
The orc hits you but does no damage. The sphinx hits you but does no damage.
The sphinx hits you but does no damage. The sphinx hits you.
The orc knight hits you with a great mace!!
* * * LOW HITPOINT WARNING * * *
The orc warrior hits you with a scimitar!!
* * * LOW HITPOINT WARNING * * *
The orc hits you but does no damage. The sphinx hits you!!
You die...

#### +## ## #... .. ..#
#...#.#...# #...oo....#
#### #########@#+#########
#... #.....†..Ho.).......#
#... #.#.....#.#.#.....#.
#..# #...................#
#..#
###########+###########..#
..#..# ##.#... ##..#...
##...#..#


You could see a sphinx, an orc knight, an orc warrior (frenzied) and an orc.

Vanquished Creatures
  An Ice Fiend (IceCv)
  A lich (Vaults:2)
  A sphinx (Vaults:4)
  Gastronok (Lair:1)
  A storm dragon (Vaults:4)
  2 tengu reavers
  6 vault wardens
  A fire giant (Vaults:4)
  3 ghost moths (Spider:4)
  Louise (Shoals:1)
  5 emperor scorpions
  4 ironheart preservers
  A very ugly thing (Vaults:3)
  A vampire knight (Vaults:2)
  5 stone giants
  Snorg (Orc:1)
  3 ettins (Vaults:3)
  2 fire dragons
  Josephine (Orc:2)
  3 rakshasas
  7 vault guards
  9 yaktaur captains
  The ghost of Aiteri the Cleaver, a powerful HOFi of the Shining One (D:14)
  Fannar (Orc:1)
  11 hydras
  4 entropy weavers
  An ice dragon (Vaults:1)
  The ghost of Borgoz the Nimble, a powerful MfTm of Makhleb (D:11)
  A merfolk avatar (Shoals:1)
  Erica (Lair:1)
  A merfolk aquamancer (Shoals:1)
  3 catoblepae (Lair:8)
  Erolcha (Orc:1)
  9 centaur warriors
  A salamander stormcaller (Vaults:3)
  14 death yaks
  2 tengu warriors (D:13)
  An alligator (shapeshifter) (D:15)
  8 ogre magi
  A sun demon (Orc:4)
  4 orc high priests (Orc:4)
  2 deep troll earth magi (Vaults:1)
  Sonja (Lair:2)
  A fire crab (Vaults:1)
  2 shadow wraiths
  6 ice devils
  A gelid demonspawn (Orc:4)
  5 skeletal warriors (Vaults:2)
  4 deep trolls
  2 sea snakes (Shoals:1)
  2 deep elf knights
  3 unseen horrors
  A torturous demonspawn (Orc:4)
  A hill giant (shapeshifter) (Vaults:3)
  11 hill giants
  4 giant orange brains
  38 wolf spiders
  Pikel (D:8)
  7 ironbrand convokers
  14 orc knights
  12 orb spiders
  A putrid demonspawn (Orc:4)
  3 wizards
  29 ugly things
  4 cyclopes
  8 griffons
  10 hornets
  4 harpies (Vaults:2)
  5 manticores
  A water nymph (Shoals:1)
  9 orc sorcerers
  4 moths of wrath
  14 elephants
  2 sirens (Shoals:1)
  Maurice (D:11)
  8 black mambas
  2 naga magi (Vaults:2)
  10 vault sentinels
  A molten gargoyle (Volcano)
  16 spiny frogs
  An octopode (shapeshifter) (Vaults:1)
  3 torpor snails
  A rust devil (Orc:4)
  4 centaur skeletons
  A spiny frog (shapeshifter) (D:15)
  3 gargoyles
  2 kobold demonologists
  16 demonic crawlers
  11 komodo dragons
  An efreet (D:14)
  27 yaktaurs
  A deep elf priest (Vaults:2)
  2 fire drakes
  3 anaconda simulacra (IceCv)
  A red devil (Orc:4)
  2 golden dragon simulacra (IceCv)
  6 merfolk
  2 blue devils
  2 trolls (shapeshifter)
  30 jumping spiders
  6 trolls
  17 two-headed ogres
  A polar bear (Lair:6)
  A tengu conjurer (D:11)
  3 freezing wraiths
  Prince Ribbit (Lair:3)
  14 slime creatures
  5 boulder beetles
  22 blink frogs
  A snapping turtle (Lair:5)
  3 wyverns
  7 water elementals
  A frost giant simulacrum (Vaults:2)
  15 trapdoor spiders
  3 dire elephant simulacra (IceCv)
  3 vampires (Vaults:2)
  50 redbacks
  9 wraiths
  4 harpy simulacra (IceCv)
  13 deep elf magi
  20 tarantellas
  2 shadows
  18 vampire mosquitoes
  A ynoxinul (Orc:4)
  7 deep elf fighters
  A fire elemental (Volcano)
  A human simulacrum (Vaults:1)
  68 yaks
  A death yak simulacrum (IceCv)
  3 fire bats (Lair:1)
  A hog (shapeshifter) (Vaults:1)
  2 hungry ghosts
  2 neqoxecs (Orc:4)
  Grum (D:11)
  4 basilisks
  A steam dragon (D:11)
  11 hippogriffs
  5 wargs
  2 mottled dragons
  A soldier ant (D:11)
  18 wolves
  12 water moccasins
  A trapdoor spider simulacrum (D:12)
  16 porcupines
  8 ice beasts
  Duvessa (D:7)
  3 hydra simulacra (IceCv)
  31 orc warriors
  4 wasps
  39 ogres
  An alligator simulacrum (IceCv)
  4 black bears
  A necrophage (D:8)
  4 phantoms
  An eye of draining (D:13)
  9 boggarts (Vaults:3)
  4 sky beasts
  37 spiders
  19 centaurs
  12 crocodiles
  3 big kobolds
  24 giant frogs
  Dowan (D:7)
  2 wyvern zombies
  3 scorpions
  A wyvern skeleton (D:11)
  10 wights
  2 elephant simulacra (IceCv)
  10 killer bees
  9 electric eels
  A crimson imp (D:6)
  4 centaur zombies
  A draconian simulacrum (IceCv)
  29 orc priests
  A quasit (D:9)
  2 giant frog zombies
  A lava snake (Lair:6)
  3 giant frog skeletons
  11 iguanas
  7 jellies
  7 hounds
  35 orc wizards
  2 polar bear simulacra (IceCv)
  A wolf simulacrum (IceCv)
  3 worker ants
  2 troll simulacra (IceCv)
  43 sheep
  A centaur simulacrum (IceCv)
  2 hound zombies
  A worker ant zombie (D:9)
  48 river rats
  An ogre simulacrum (IceCv)
  5 shadow imps
  18 adders
  7 gnolls
  9 white imps (IceCv)
  5 oozes (D:12)
  3 ufetubi (IceCv)
  An adder skeleton (D:4)
  An adder zombie (D:7)
  A worm (D:2)
  8 giant geckos
  169 orcs
  16 bats
  A bat skeleton (D:7)
  26 goblins
  25 hobgoblins
  16 jackals
  17 kobolds
  3 quokkas
  2 ball pythons
  8 giant cockroaches
  6 giant newts
  A jackal skeleton (D:6)
  A jackal zombie (D:5)
  14 rats
  A bush (Lair:7)
  4 fungi
  A plant (Lair:4)
1691 creatures vanquished.

Vanquished Creatures (others)
  A black mamba (Lair:8)
  A water moccasin (Lair:8)
  A giant frog (D:8)
  A worker ant (D:8)
  2 sheep
  An adder (D:8)
  A river rat (Lair:8)
  A white imp (IceCv)
  3 ufetubi (IceCv)
  An orc (Orc:2)
  A kobold (D:8)
  2 bushes (Lair:8)
  30 fungi
  8 plants
  9 tentacles (Shoals:1)
  833 tentacle segments (Shoals:1)
896 creatures vanquished.

Grand Total: 2587 creatures vanquished

Notes
Turn   | Place    | Note
--------------------------------------------------------------
     0 | D:1      | patman the Draconian Conjurer began the quest for the Orb.
     0 | D:1      | Reached XP level 1. HP: 14/14 MP: 3/3
   341 | D:1      | Reached XP level 2. HP: 20/20 MP: 1/5
  1050 | D:1      | Reached skill level 5 in Conjurations
  1050 | D:1      | Reached XP level 3. HP: 26/26 MP: 1/6
  2036 | D:2      | Reached XP level 4. HP: 33/33 MP: 3/7
  2370 | D:2      | Reached skill level 6 in Conjurations
  2600 | D:2      | Found a burning altar of Makhleb.
  2720 | D:2      | Reached XP level 5. HP: 38/38 MP: 1/8
  2949 | D:2      | Learned a level 5 spell: Iskenderun's Battlesphere
  3197 | D:3      | Reached skill level 1 in Charms
  3583 | D:3      | Noticed asdu's ghost (weakling VSSk)
  4145 | D:3      | Reached XP level 6. HP: 45/45 MP: 5/9
  4965 | D:5      | Entered Level 5 of the Dungeon
  5176 | D:5      | Your scales start taking on a lurid green colour.
  5176 | D:5      | Gained mutation: Your system is resistant to poisons. [Green Draconian growth]
  5176 | D:5      | Reached XP level 7. HP: 50/50 MP: 10/10
  5182 | D:5      | Reached skill level 5 in Charms
  6647 | D:4      | Reached skill level 7 in Conjurations
  6910 | D:6      | Reached XP level 8. HP: 57/57 MP: 11/11
  6943 | D:6      | Found Sucwozemm's Weapon Boutique.
  6990 | D:6      | Found a blossoming altar of Fedhas.
  7225 | D:6      | Reached skill level 8 in Conjurations
  7462 | D:6      | Learned a level 4 spell: Iskenderun's Mystic Blast
  7893 | D:7      | Reached skill level 9 in Conjurations
  7998 | D:7      | Noticed Duvessa
  8040 | D:7      | Noticed Dowan
  8050 | D:7      | Killed Duvessa
  8051 | D:7      | Killed Dowan
  8387 | D:7      | Found a staircase to the Ecumenical Temple.
  8390 | Temple   | Entered the Ecumenical Temple
  8575 | Temple   | Became a worshipper of Vehumet
  8639 | D:7      | Reached XP level 9. HP: 62/62 MP: 1/12
  8807 | D:7      | Reached skill level 10 in Conjurations
  9480 | D:8      | You fall through a shaft for 3 floors!
  9480 | D:11     | Noticed a hill giant
  9502 | D:11     | Killed a hill giant
  9584 | D:11     | Reached skill level 11 in Conjurations
  9676 | D:11     | Noticed Maurice
  9708 | D:11     | Killed Maurice
  9708 | D:11     | Acquired Vehumet's first power
  9708 | D:11     | Offered knowledge of Sandblast by Vehumet.
  9708 | D:11     | Reached skill level 5 in Spellcasting
  9711 | D:11     | Noticed a centaur skeleton
  9727 | D:11     | Killed a centaur skeleton
  9727 | D:11     | Reached XP level 10. HP: 47/69 MP: 2/18
  9785 | D:11     | Noticed a hill giant
  9935 | D:11     | Noticed Borgoz's ghost (powerful MfTm)
  9970 | D:11     | Noticed Grum
  9973 | D:10     | Entered Level 10 of the Dungeon
 10396 | D:9      | Reached skill level 1 in Fighting
 10970 | D:8      | Noticed Pikel
 10979 | D:8      | Killed Pikel
 11016 | D:8      | Offered knowledge of Shock by Vehumet.
 11372 | D:8      | Found a staircase to the Lair.
 11372 | D:8      | Noticed a fire drake
 11380 | D:8      | Killed a fire drake
 11380 | D:8      | Reached skill level 5 in Fighting
 11850 | D:9      | Reached skill level 5 in Dodging
 11922 | D:9      | Found a staircase to the Orcish Mines.
 11923 | D:9      | Found Daipsibocw's Armour Boutique.
 11924 | D:9      | Found Maobb's Weapon Boutique.
 12048 | D:9      | Found a snail-covered altar of Cheibriados.
 12179 | D:9      | Reached XP level 11. HP: 89/89 MP: 12/20
 12288 | Orc:1    | Entered Level 1 of the Orcish Mines
 12288 | Orc:1    | Noticed Erolcha
 12349 | D:9      | Offered knowledge of Inner Flame by Vehumet.
 12961 | D:10     | Noticed a hill giant
 12988 | D:10     | Killed a hill giant
 13276 | D:10     | Acquired Vehumet's second power
 13488 | D:11     | Found a burning altar of Makhleb.
 13566 | D:11     | Noticed a centaur zombie
 13582 | D:11     | Killed a centaur zombie
 13666 | D:11     | Noticed a gargoyle
 13679 | D:11     | Killed a gargoyle
 13827 | D:11     | Noticed a brown ugly thing
 14009 | D:11     | Noticed a hill giant
 14205 | Lair:1   | Entered Level 1 of the Lair of Beasts
 14277 | Lair:1   | Noticed Gastronok
 14329 | Lair:1   | Found a dark tunnel.
 14408 | Volcano  | Entered a volcano
 14697 | Lair:1   | Killed Gastronok
 14874 | Lair:1   | Offered knowledge of Conjure Flame by Vehumet.
 15105 | Lair:1   | Reached skill level 10 in Fighting
 15105 | Lair:1   | Reached XP level 12. HP: 103/106 MP: 4/21
 15413 | Lair:1   | Noticed Erica
 15418 | Lair:1   | Killed Erica
 16076 | Lair:2   | Reached skill level 1 in Staves
 16082 | Lair:2   | Acquired Vehumet's third power
 16506 | Lair:2   | Noticed Sonja
 16509 | Lair:2   | Killed Sonja
 16594 | Lair:2   | Noticed a seven-headed hydra
 16601 | Lair:2   | Killed a seven-headed hydra
 16674 | Lair:2   | Reached skill level 10 in Dodging
 16736 | Lair:2   | Offered knowledge of Force Lance by Vehumet.
 16963 | Lair:2   | Got an encrusted short sword
 16964 | Lair:2   | Identified the +7 short sword of Disgust {flame, Str+5} (You found it on level 2 of the Lair of Beasts)
 17643 | Lair:3   | Found a runed door.
 17692 | Lair:3   | Noticed Prince Ribbit
 17704 | Lair:3   | Killed Prince Ribbit
 17704 | Lair:3   | Reached skill level 5 in Staves
 18559 | Lair:3   | Reached XP level 13. HP: 84/114 MP: 7/22
 18575 | Lair:3   | Offered knowledge of Irradiate by Vehumet.
 18671 | Lair:3   | Noticed a four-headed hydra
 18677 | Lair:3   | Killed a four-headed hydra
 18772 | Lair:3   | Got a blackened spear
 18775 | Lair:3   | Identified the cursed +0 spear "Qoakk" {pierce, *Contam +Fly rN+++} (You found it on level 3 of the Lair of Beasts)
 19155 | Lair:4   | Noticed Nergalle
 20142 | Lair:4   | Noticed Rupert
 20624 | Lair:5   | Reached skill level 12 in Dodging
 21552 | Lair:5   | Found a staircase to the Shoals.
 22520 | D:6      | Bought a +5 lajatang of electrocution for 967 gold pieces
 23100 | Lair:6   | Offered knowledge of Venom Bolt by Vehumet.
 23368 | Lair:6   | Learned a level 5 spell: Venom Bolt
 23411 | Lair:6   | Reached skill level 1 in Poison Magic
 23495 | Lair:6   | Gained mutation: Your tail ends in a poisonous barb. [Green Draconian growth]
 23495 | Lair:6   | Reached XP level 14. HP: 110/122 MP: 13/24
 23655 | Lair:6   | Found a hole to the Spider Nest.
 23870 | Lair:6   | Got a pair of pitted boots
 23881 | Lair:6   | Identified the cursed +0 pair of boots of Courage {Dex+3} (You found it on level 6 of the Lair of Beasts)
 23997 | Lair:6   | Reached skill level 10 in Staves
 24418 | Lair:7   | Found a runed door.
 24419 | Lair:7   | Found a viscous altar of Jiyva.
 24630 | Lair:7   | Learned a level 3 spell: Regeneration
 24881 | Lair:7   | Found a staircase to the Slime Pits.
 25180 | Lair:8   | Entered Level 8 of the Lair of Beasts
 25184 | Lair:8   | Offered knowledge of Poisonous Cloud by Vehumet.
 25199 | Lair:8   | Learned a level 6 spell: Poisonous Cloud
 25466 | Lair:8   | Reached skill level 13 in Dodging
 26301 | Lair:8   | Reached skill level 1 in Air Magic
 26695 | Lair:8   | Upgraded the game from 0.17-a0-1337-ge651487 to 0.17-a0-1360-g37db002
 27590 | Orc:1    | Offered knowledge of Iron Shot by Vehumet.
 27605 | Orc:1    | Killed Erolcha
 27605 | Orc:1    | Reached XP level 15. HP: 128/128 MP: 25/25
 27618 | Orc:1    | Learned a level 6 spell: Iron Shot
 27833 | Orc:2    | Noticed Josephine
 27852 | Orc:2    | Killed Josephine
 27852 | Orc:2    | Reached skill level 5 in Poison Magic
 28706 | Orc:3    | Found a roughly hewn altar of Beogh.
 29003 | Orc:1    | Noticed Snorg
 29020 | Orc:1    | Killed Snorg
 29392 | Orc:1    | Noticed Fannar
 29393 | Orc:1    | Offered knowledge of Spellforged Servitor by Vehumet.
 29413 | Orc:1    | Killed Fannar
 29818 | Orc:4    | Entered Level 4 of the Orcish Mines
 29818 | Orc:4    | Found a radiant altar of Vehumet.
 29876 | Orc:4    | Found a staircase to the Elven Halls.
 30428 | Orc:4    | Found Isehis's General Store.
 30429 | Orc:4    | Found Elephac's Food Emporium.
 30557 | Orc:4    | Offered knowledge of Ozocubu's Refrigeration by Vehumet.
 30604 | Orc:4    | Bought a scroll of enchant weapon for 75 gold pieces
 30898 | Orc:4    | Paralysed by an orc sorcerer for 4 turns
 32158 | Orc:4    | Paralysed by an orc sorcerer for 5 turns
 32485 | Orc:4    | Learned a level 6 spell: Ozocubu's Refrigeration
 32503 | Orc:4    | Found Fihuxkuige's Gadget Shop.
 32503 | Orc:4    | Found Riarubaore's Antique Weapon Boutique.
 32503 | Orc:4    | Found a one-way gate leading to the halls of Pandemonium.
 32511 | Orc:4    | Bought a wand of teleportation (6) for 390 gold pieces
 32767 | D:11     | Noticed a hill giant
 32776 | D:11     | Killed a hill giant
 32796 | D:11     | Killed a hill giant
 32809 | D:11     | Killed Grum
 33074 | D:11     | Killed a brown ugly thing
 33199 | D:11     | Killed Borgoz's ghost
 33202 | D:11     | Killed a hill giant
 33232 | D:11     | Noticed an orc knight
 33239 | D:11     | Killed an orc knight
 33353 | D:12     | Noticed a cyan ugly thing
 33369 | D:12     | Killed a cyan ugly thing
 33466 | D:12     | Noticed an unseen horror
 33473 | D:12     | Noticed a cyan ugly thing
 33474 | D:12     | Killed an unseen horror
 33491 | D:12     | Killed a cyan ugly thing
 33798 | D:12     | Noticed a hill giant
 33801 | D:12     | Killed a hill giant
 33979 | D:12     | Offered knowledge of Conjure Ball Lightning by Vehumet.
 34092 | D:12     | Noticed a centaur warrior
 34099 | D:12     | Killed a centaur warrior
 34781 | D:13     | Identified a scroll of acquirement
 35124 | D:13     | Found a gate to the Vaults.
 35178 | D:13     | Reached skill level 14 in Conjurations
 35219 | D:13     | Reached XP level 16. HP: 41/137 MP: 24/28
 35931 | D:14     | Found an iron altar of Okawaru.
 36240 | D:14     | Noticed Aiteri's ghost (powerful HOFi)
 36262 | D:14     | Killed Aiteri's ghost
 36262 | D:14     | Offered knowledge of Fire Storm by Vehumet.
 36262 | D:14     | Offered knowledge of Shatter by Vehumet.
 36262 | D:14     | Offered knowledge of Tornado by Vehumet.
 36421 | D:15     | Entered Level 15 of the Dungeon
 37292 | D:15     | Found a staircase to the Depths.
 37542 | D:15     | Noticed Roxanne
 37997 | Spider:1 | Entered Level 1 of the Spider Nest
 38691 | Spider:1 | Reached skill level 15 in Conjurations
 39449 | Spider:2 | Found a frozen archway.
 39490 | IceCv    | Entered an ice cave
 40469 | IceCv    | Noticed an Ice Fiend
 40765 | IceCv    | Reached skill level 15 in Dodging
 41128 | IceCv    | Killed an Ice Fiend
 41128 | IceCv    | Reached XP level 17. HP: 150/150 MP: 11/29
 41147 | IceCv    | Got a pair of scorched boots
 41159 | IceCv    | Identified the +2 pair of boots "Daynin" {+Blink MR+ MP+9 Int-5} (You found it in an ice cave)
 41224 | Spider:2 | You fall through a shaft!
 42378 | Spider:4 | Entered Level 4 of the Spider Nest
 42935 | Spider:2 | Upgraded the game from 0.17-a0-1360-g37db002 to 0.17-a0-1368-g6ab37f2
 43698 | Shoals:1 | Entered Level 1 of the Shoals
 44040 | Shoals:1 | Noticed Louise
 44049 | Shoals:1 | Killed Louise
 44282 | Shoals:1 | Reached skill level 16 in Dodging
 44819 | Spider:4 | Reached skill level 15 in Fighting
 44860 | Spider:4 | Reached skill level 1 in Earth Magic
 45436 | Spider:4 | Reached skill level 5 in Earth Magic
 45973 | Spider:4 | Reached XP level 18. HP: 154/163 MP: 28/30
 46003 | Spider:4 | Got a gossamer rune of Zot
 46618 | Vaults:1 | Entered Level 1 of the Vaults
 47273 | Vaults:1 | Reached skill level 5 in Stealth
 47650 | Lair:6   | Learned a level 2 spell: Stoneskin
 48377 | Vaults:1 | Upgraded the game from 0.17-a0-1368-g6ab37f2 to 0.17-a0-1373-g64d4c99
 48941 | Vaults:1 | Reached skill level 10 in Earth Magic
 49375 | Vaults:2 | Gained mutation: You are resistant to electric shocks. [potion of beneficial mutation]
 49376 | Vaults:2 | Gained mutation: You are somewhat resistant to further mutation. [potion of beneficial mutation]
 49614 | Vaults:2 | Upgraded the game from 0.17-a0-1373-g64d4c99 to 0.17-a0-1378-g281efdd
 49779 | Vaults:2 | Found Ysowyplu's Assorted Antiques.
 49786 | Vaults:2 | Bought a tubular brass ring for 135 gold pieces
 49963 | Vaults:2 | Upgraded the game from 0.17-a0-1378-g281efdd to 0.17-a0-1397-g0eee0a3
 50212 | Vaults:2 | Found a radiant altar of Vehumet.
 50212 | Vaults:2 | Noticed a lich
 50282 | Vaults:2 | Killed a lich
 50432 | Vaults:2 | Got a shimmering hat
 50443 | Vaults:2 | Identified the +1 hat of the Suburbs {rCorr} (You found it on level 2 of the Vaults)
 50547 | Vaults:2 | Found a portal to a secret trove of treasure.
 50680 | Vaults:2 | Reached XP level 19. HP: 129/170 MP: 31/31
 50815 | Vaults:2 | Found a staircase to the Crypt.
 51580 | Vaults:3 | Reached skill level 1 in Necromancy
 51858 | Vaults:3 | Learned a level 5 spell: Phase Shift
 51910 | Vaults:3 | Reached skill level 1 in Translocations
 52594 | Vaults:3 | Reached skill level 5 in Translocations
 53611 | Vaults:4 | Paralysed by a sphinx for 4 turns
 53801 | Vaults:4 | Noticed Jory
 53860 | Vaults:4 | Upgraded the game from 0.17-a0-1397-g0eee0a3 to 0.17-a0-1399-gd5b76e1
 53876 | Vaults:4 | Paralysed by a sphinx for 7 turns
 53882 | Vaults:4 | Slain by a sphinx

Vault maps used:
D:1:      tarquinn_simple_flora_water_a, serial_bayou_pond_e
D:2:      makhleb_grotto_becter, first_bread
D:3:      st_stairs_3, moated_statue, due_unseen_surprise
D:4:      kennysheep_doodads
D:6:      minmay_flawed_box, serial_shops, shop, st_stairs_12, fedhas_altar_1
D:7:      temple_statues, uniq_duvessa
D:8:      minmay_lair_entry_lava, dk_noncrumbling_3, uniq_pikel
D:9:      orc_david_3, cheibrodos_worm_habitat
D:10:     minmay_misc_feat_hallway, minmay_misc_feat_four_crosses
D:11:     minmay_opposing_rooms, basic_altar, uniq_maurice, uniq_grum
D:12:     hangedman_little_slice_of_home, minmay_radiant
D:13:     lightli_vaults_fourway_checkpoint
D:14:     old_standard_altar
D:15:     gammafunk_enter_depths_forms, hangedman_decor_lopped,
          serial_co_window_serial, co_window_paths_b, co_window_cross_1,
          co_window_of_opportunity_a, co_window_corner_a, co_window_paths_b,
          co_window_2corner, co_window_broadway_a, co_window_2corner,
          co_window_corner_b, co_window_corner_cb, co_window_paths_e,
          glass_columns_b, minmay_tree_intersection, uniq_roxanne
Temple:   kilobyte_greek_temple_18
Lair:1:   nicolae_volcano_entry_batcave, infiniplex_staircase_pool, uniq_erica,
          uniq_gastronok
Lair:2:   uniq_sonja
Lair:3:   forest_paths, serial_bayou_pond_a, pf_torpor_hydra,
          uniq_prince_ribbit2
Lair:4:   lemuel_fruit_fields, uniq_nergalle, uniq_rupert
Lair:5:   minmay_shoals_entry_hut, grunt_megastairs_3
Lair:6:   spider_nest_entry_funnel_web, grunt_megastairs_4
Lair:7:   slime_altar_2
Lair:8:   evilmike_catoblepas_cave
Shoals:1: uniq_louise
Shoals:2: uniq_donald
Spider:1: nicolae_spider_webs_and_nodes
Spider:2: portal_ice_cave_entry_pillars_03
Spider:3: spider_trap
Spider:4: spider_rune_water
Orc:1:    nicolae_orc_pool_cavern, uniq_erolcha, uniq_snorg, uniq_fannar
Orc:2:    mines3_lemuel, uniq_josephine
Orc:3:    basic_altar
Orc:4:    pf_orc_diabolical, basic_altar
Vaults:1: grunt_vaults_trifunnel, nicolae_vaults_murderbox, v_alt_pattern_5,
          v_pattern_1, v_rooms_5, v_rooms_1, hangedman_vaults_stagger,
          vaults_dpeg_spiral, nicolae_vaults_little_squares_2,
          nicolae_vaults_theta, grunt_vaults_hallway_long
Vaults:2: v_misc_26, grunt_tower_of_power, v_alt_pattern_4,
          minmay_crypt_entry_vampire_xt, nicolae_vaults_little_squares_3,
          v_misc_12, v_alt_pattern_6, hangedman_vaults_pinch,
          grunt_vaults_bifocal, nicolae_vaults_rhombus_6,
          ontoclasm_vaults_ligature, ontoclasm_vaults_decontamination,
          nicolae_vaults_border_crossing, nicolae_trove_entry_free_sample,
          serial_shops, nicolae_shop_behind_doors
Vaults:3: ontoclasm_vaults_tryst, hangedman_vaults_trim, ontoclasm_vaults_eye,
          v_misc_9, vaults_room_boxed, st_octagons_2, vaults_room_door_hall,
          ontoclasm_vaults_loading_screen, nicolae_vaults_ring_of_whatevers,
          grunt_vaults_hallway_long, v_rooms_6, vaults_room_pool,
          vaults_dpeg_diagonal, v_misc_15
Vaults:4: v_misc_2, v_rooms_4, vaults_room_corners, v_misc_14, v_misc_33,
          vaults_dpeg_cross, vaults_standard_mumra_x, ontoclasm_vaults_twist,
          hangedman_vaults_hat, vaults_room_hallway, vaults_room_hallway,
          ontoclasm_vaults_shuriken, grunt_vaults_hallway_short, uniq_jory
IceCv:    ice_cave_caverns_03
Volcano:  volcano_overflow

Action                   |  1- 3 |  4- 6 |  7- 9 | 10-12 | 13-15 | 16-18 | 19-21 || total
-------------------------+-------+-------+-------+-------+-------+-------+-------++-------
Melee: Dagger            |     9 |       |       |       |       |       |       ||     9
       Rapier            |       |    70 |       |       |       |       |       ||    70
       Falchion          |       |    45 |    28 |       |       |       |       ||    73
       Whip              |       |       |   216 |   357 |   101 |       |       ||   674
       Lajatang          |       |       |       |       |  1543 |  1794 |   414 ||  3751
       Staff             |       |       |       |       |       |    14 |       ||    14
Throw: Stone             |       |       |       |       |     3 |       |       ||     3
 Cast: Magic Dart        |    76 |   143 |   136 |   302 |   118 |    34 |       ||   809
       Iskenderun's Batt |       |       |    11 |    79 |    50 |    21 |     4 ||   165
       Iskenderun's Myst |       |       |       |    50 |   120 |    46 |       ||   216
       Regeneration      |       |       |       |       |    39 |    59 |    14 ||   112
       Venom Bolt        |       |       |       |       |     3 |       |       ||     3
       Poisonous Cloud   |       |       |       |       |       |    39 |    12 ||    51
       Iron Shot         |       |       |       |       |       |    41 |    28 ||    69
       Stoneskin         |       |       |       |       |       |     5 |       ||     5
       Phase Shift       |       |       |       |       |       |       |     1 ||     1
 Abil: Breathe Noxious F |       |       |    24 |    22 |    24 |    18 |       ||    88
Evoke: Wand              |       |     1 |     2 |     1 |     1 |    15 |       ||    20
  Use: Scroll            |       |     4 |     4 |    12 |    21 |    18 |     4 ||    63
       Potion            |       |       |       |     1 |     6 |     6 |     1 ||    14
 Stab: Sleeping          |       |     4 |       |     5 |     7 |    11 |     5 ||    32
       Confused          |       |       |     4 |     4 |    12 |     1 |       ||    21
       Invisible         |       |       |       |       |     8 |       |       ||     8
       Distracted        |       |       |       |       |     1 |     4 |     1 ||     6
  Eat: Beef jerky        |     1 |     1 |     1 |     1 |     2 |     5 |       ||    11
       Chunk             |     3 |     8 |     8 |    37 |    44 |    43 |    26 ||   169
       Royal jelly       |       |     1 |       |       |     7 |     6 |       ||    14
       Pizza             |       |     1 |       |       |     1 |       |       ||     2
       Bread ration      |       |       |     3 |     3 |     6 |     3 |       ||    15
       Fruit             |       |       |     2 |     3 |     3 |     4 |       ||    12
       Meat ration       |       |       |       |     3 |     2 |     5 |       ||    10
